 Dungeon Crawl Stone Soup version 0.19.5 (webtiles) character file.

47 manyhoops the Vexing (level 3, 0/16 HPs)
             Began as a Spriggan Enchanter on May 4, 2017.
             Succumbed to an adder's poison
             ... on level 2 of the Dungeon.
             The game lasted 00:03:41 (1431 turns).

manyhoops the Vexing (Spriggan Enchanter)           Turns: 1431, Time: 00:03:41

Health: 0/16       AC:  6    Str:  4    XL:     3   Next: 48%
Magic:  1/8        EV: 18    Int: 17    God:
Gold:   43         SH:  0    Dex: 16    Spells: 3 memorised, 2 levels left

rFire  . . .     SeeInvis +     a - +1 dagger
rCold  . . .     Gourm    .     b - +1 robe
rNeg   . . .     Faith    .     (shield restricted)
rPois  .         Spirit   .     (helmet restricted)
rElec  .         Reflect  .     n - +2 cloak
rCorr  .         Harm     .     (gloves unavailable)
MR     .....                    (boots unavailable)
Stlth  +++.......               (no amulet)
                                (no ring)
                                (no ring)

@: lethally poisoned (0 -> -5), very quick
A: unfitting armour, see invisible, herbivore 3, speed 3, slow metabolism 2
a: no special abilities


You were on level 2 of the Dungeon.
You were not hungry.

You visited 1 branch of the dungeon, and saw 2 of its levels.

You collected 43 gold pieces.

Inventory:

Hand Weapons
 a - a +1 dagger (weapon)
Armour
 b - a +1 robe (worn)
 n - a +2 cloak (worn)
Scrolls
 e - a scroll of identify {unknown}
 h - a scroll of teleportation {unknown}
 j - a scroll of magic mapping {unknown}
 k - 2 scrolls of enchant armour {unknown}
 l - a scroll of enchant weapon {unknown}
 m - a scroll of immolation {unknown}
Potions
 f - 2 potions of curing {unknown}
 g - 2 potions of berserk rage {unknown}
 i - a potion of cancellation {unknown}
Books
 c - a book of Maledictions

   Spells                             Type                      Level
   a - Corona                         Hexes                        1
   b - Ensorcelled Hibernation        Hexes/Ice                    2
   c - Confuse                        Hexes                        3
   d - Tukima's Dance                 Hexes                        3
   e - Dazzling Spray                 Conjuration/Hexes            3
Comestibles
 d - 2 bread rations


   Skills:
 + Level 2.1 Short Blades
 - Level 3.0 Dodging
 - Level 4.4 Stealth
 - Level 3.2 Spellcasting
 - Level 4.7 Hexes


You had 2 spell levels left.
You knew the following spells:

 Your Spells              Type           Power        Failure   Level  Hunger
a - Corona                Hex            ###....      2%          1    None
b - Ensorcelled Hibernat  Hex/Ice        ##....       12%         2    ##.....
c - Confuse               Hex            ###.....     10%         3    ###....


Dungeon Overview and Level Annotations

Branches:
Dungeon (2/15)

Altars:

Annotations:
D:2 Sigmund


Innate Abilities, Weirdness & Mutations

You are very small and have problems with some larger weapons.
You are too small for most types of armour.
You have supernaturally acute eyesight. (SInv)
You are a herbivore.
You cover ground extremely quickly.
You need consume almost no food.


Message History

The adder poisons you! Sigmund misses you.
Casting: Confuse
Confirm with . or Enter, or press ? or * to list all spells.
Aiming: Ensorcelled Hibernation
Press: ? - help, Shift-Dir - straight line, f - adder, p - Sigmund
Aim: an adder (chance to defeat MR: 50%)
The adder looks drowsy...
You feel sick.
Sigmund points at you and mumbles some strange words.
The magic dart hits you!
The helpless adder fails to defend itself.
You impale the adder!!
You kill the adder!
Your Short Blades skill increases to level 2!
Sigmund barely misses you.
You feel sick.
Sigmund points at you and mumbles some strange words.
The puff of flame hits you!
* * * LOW HITPOINT WARNING * * *
There is an open door here.
You die...

#.##.## ##.......##
###.#...####.........#
...........+.@?......+
###.#...####.........#
###.##.## ##.......##
......## ##.....##
###.#.# ##...## # #.#.#
##'## # #.#.# #@# #
#.#.# ###.##### # #.#.#
#.......## # #.#.###
#..........
###.#...######.......###
..................#..#
###.#...######.......#
#....## #.#.###.# ######
#.#.# .#


You could see Sigmund.

Vanquished Creatures
  An adder (D:2)
  A worm (D:2)
  2 leopard geckos (D:2)
  5 giant cockroaches (D:1)
  5 goblins
  A hobgoblin (D:1)
  4 kobolds
  5 bats (D:1)
  2 frilled lizards (D:1)
  5 rats
31 creatures vanquished.

Notes
Turn   | Place    | Note
-------+----------+-------------------------------------------
     0 | D:1      | manyhoops the Spriggan Enchanter began the quest for the Orb.
     0 | D:1      | Reached XP level 1. HP: 9/9 MP: 5/5
   165 | D:1      | Reached XP level 2. HP: 13/13 MP: 6/6
   170 | D:1      | Learned a level 2 spell: Ensorcelled Hibernation
   980 | D:2      | Reached XP level 3. HP: 16/16 MP: 8/8
   985 | D:2      | Learned a level 3 spell: Confuse
  1403 | D:2      | Noticed Sigmund
  1431 | D:2      | Succumbed to an adder's poison

Skill      XL: |  1  2  3 |
---------------+----------+-----
Hexes          | 4 |  4.7
Spellcasting   | 3 |  3.2
Short Blades   | 2 |  2.1
Dodging        | |  3.0
Stealth        | |  4.4

Action                   || total
-------------------------++-------
Melee: Dagger            ||   102
 Cast: Ensorcelled Hiber ||     9
       Confuse           ||     1
 Stab: Sleeping          ||    21
Armor: Robe              ||    13
Dodge: Dodged            ||   107
